cohdb
Replays
Latest Replays
All Replays
Popular Replays
Top Player Replays
Match Explorer
How It Works
Community
CoH3 Stats
Reddit
Sign in to upload your games and track your stats! →
Sign in with Steam
Match 47417860
Unlisted
Match 47417860
Overview
Messages
Build Orders
End
Construct Infanterie Kompanie
Selects Mechanized Battlegroup
MG 42 Machine Gun Team
Grenadier Squad
MG 42 Machine Gun Team
Construct Panzergrenadier Kompanie
Grenadier Squad
Selects Mobile Repair Stations
251 Medium Carrier
Pak 40 Anti-tank Gun Team
Pak 40 Anti-tank Gun Team
Selects Wespe Self-propelled Artillery
Wespe Self-propelled Artillery
Construct Panzer Kompanie
Stoßtruppen Squad
Sturmpanzer IV Brummbär
Side Skirts
Panzer Officer Quarters
Selects Zeroing Artillery Barrage
Selects Raid Package
Zeroing Artillery Barrage
Selects 8 Rad Armored Car
Sturmpanzer IV Brummbär
Majchel !
lengfeng988
不太彳亍
花海魔术师
[AOD]_GIL
Orange
暴力@小野兽
I AM(NOT) LCL
0
0
Comments
sign in to comment!
No comments posted yet!